 Dungeon Crawl Stone Soup version 0.26.1-11-gd32895ea62 (webtiles) character file.

Game seed: 9635216127672051129

940 SSird the Cleaver (level 8, -2/58 HPs)
             Began as a Formicid Fighter on June 18, 2021.
             Shot with an arrow by a centaur (5 damage)
             ... on level 6 of the Dungeon.
             The game lasted 00:06:46 (4989 turns).

SSird the Cleaver (Formicid Fighter)                Turns: 4989, Time: 00:06:46

Health: -2/58      AC: 11    Str: 22    XL:     8   Next: 34%
Magic:  0/8        EV:  6    Int:  7    God:
Gold:   199        SH:  9    Dex: 12    Spells: 7/7 levels left

rFire    . . .     SeeInvis +   a - +0 war axe
rCold    . . .     Faith    .   c - +0 kite shield
rNeg     . . .     Spirit   +   n - +1 chain mail {Will+}
rPois    .         Reflect  .   (helmet unavailable)
rElec    .         Harm     .   k - +0 cloak
rCorr    .         Rampage  .   (no gloves)
Will     +....                  (no boots)
Stlth    ..........             o - amulet of guardian spirit
HPRegen  0.19/turn              (no ring)
MPRegen  0.11/turn              (no ring)

@: no status effects
A: permanent stasis, dig shafts and tunnels, four strong arms, antennae 3
a: Dig, Shaft Self


You were on level 6 of the Dungeon.
You visited 1 branch of the dungeon, and saw 8 of its levels.

You collected 199 gold pieces.

Inventory:

Hand Weapons
 a - a +0 war axe (weapon)
Armour
 c - a +0 kite shield (worn)
 k - a +0 cloak (worn)
 n - a +1 chain mail of willpower (worn)
Jewellery
 o - an amulet of guardian spirit (around neck)
Scrolls
 b - a scroll of remove curse {unknown}
 f - a scroll of enchant armour {unknown}
 h - 2 scrolls of teleportation {unknown}
 m - 7 scrolls of identify {unknown}
 p - a scroll of blinking {unknown}
 r - 2 scrolls of magic mapping {unknown}
 s - 2 scrolls of fear {unknown}
 t - a scroll of enchant weapon {unknown}
Potions
 d - a potion of might
 e - 2 potions of lignification {unknown}
 g - a potion of haste {unknown}
 i - 2 potions of attraction {unknown}
 j - a potion of magic {unknown}
 l - 2 potions of curing
 q - a potion of degeneration {unknown}


   Skills:
 - Level 3.2 Fighting
 * Level 9.3 Axes
 - Level 3.2 Armour
 - Level 3.6 Shields


You had 7 spell levels left.
You didn't know any spells.
Your spell library was empty.

Dungeon Overview and Level Annotations

Branches:
Dungeon (8/15)
 Temple: D:4-7         Lair: D:8-11

Altars:
Gozag
Trog


Innate Abilities, Weirdness & Mutations

You cannot be hasted, slowed, berserked, paralysed or teleported.
You can dig through walls and to a lower floor.
Your four strong arms can wield two-handed weapons with a shield.
You have a pair of large antennae on your head. (SInv)


Message History

The orc warrior is severely wounded.
The centaur shoots an arrow.
The arrow hits you!
* * * LOW HITPOINT WARNING * * *
The orc warrior hits you with a +0 dire flail.
* * * LOW HITPOINT WARNING * * *
Unknown command.
The centaur shoots an arrow.
You block the arrow. The orc hits you with a +0 hand axe.
* * * LOW HITPOINT WARNING * * *
Unknown command.
Unknown command.
You see here a jackal corpse.
Unknown command.
The centaur shoots an arrow.
The arrow hits you!
* * * LOW HITPOINT WARNING * * *
There is a stone staircase leading down here.
Unknown command.
Unknown command.
The centaur shoots an arrow.
The arrow hits you.
You die...

#. ######.#
#...... #.)...##
#...... ##.....#
. #.....†# ...
#....†@##....
###c#.o........
#|..#.o........
#..(((...#####.
#..)##(...#
#..(..#....(#
..............#
...........>.....
.................


You could see an orc warrior, a centaur and an orc.

Vanquished Creatures
  An ice beast (D:5)
  A bullfrog (D:6)
  2 scorpions
  A howler monkey (D:4)
  Crazy Yiuf (D:2)
  A jelly (D:5)
  A bullfrog skeleton (D:4)
  4 orc priests
  Terence (D:2)
  Natasha (D:2)
  4 orc wizards
  A worker ant (D:4)
  A killer bee zombie (D:4)
  A hound zombie (D:8)
  A hound skeleton (D:8)
  3 gnolls (D:3)
  4 adders
  A white imp (D:4)
  2 oozes (D:1)
  2 adder skeletons (D:4)
  3 worms
  A dart slug (D:1)
  4 leopard geckos
  15 orcs
  6 giant cockroaches
  9 goblins
  8 hobgoblins
  12 jackals
  2 quokkas
  3 bats
  5 frilled lizards
  A jackal skeleton (D:4)
  11 kobolds
  9 rats
123 creatures vanquished.

Vanquished Creatures (others)
  14 plants (D:3)
14 creatures vanquished.

Grand Total: 137 creatures vanquished

Notes
Turn   | Place    | Note
-------+----------+-------------------------------------------
     0 | D:1      | SSird the Formicid Fighter began the quest for the Orb.
     0 | D:1      | Reached XP level 1. HP: 18/18 MP: 1/1
   146 | D:1      | Reached XP level 2. HP: 24/24 MP: 2/2
   182 | D:1      | Reached skill level 3 in Axes
   368 | D:1      | Reached XP level 3. HP: 22/29 MP: 3/3
  1155 | D:2      | Reached skill level 4 in Axes
  1155 | D:2      | Reached XP level 4. HP: 35/35 MP: 4/4
  1302 | D:2      | Found a runed translucent door.
  1303 | D:2      | Noticed Crazy Yiuf
  1502 | D:2      | Noticed Terence
  1515 | D:2      | Killed Terence
  1667 | D:2      | Noticed Natasha
  1685 | D:2      | Killed Natasha
  1686 | D:2      | Reached XP level 5. HP: 22/41 MP: 5/5
  1879 | D:2      | Reached skill level 5 in Axes
  2155 | D:2      | Killed Crazy Yiuf
  2528 | D:3      | Reached XP level 6. HP: 18/47 MP: 6/6
  2536 | D:3      | Reached skill level 6 in Axes
  3580 | D:4      | Reached skill level 7 in Axes
  3580 | D:4      | Reached XP level 7. HP: 52/52 MP: 7/7
  3831 | D:4      | Found a bloodstained altar of Trog.
  3976 | D:4      | Found an opulent altar of Gozag.
  3993 | D:4      | Reached skill level 8 in Axes
  4362 | D:5      | Entered Level 5 of the Dungeon
  4545 | D:5      | Reached XP level 8. HP: 39/58 MP: 4/8
  4566 | D:5      | You fall into a shaft and drop 3 floors!
  4869 | D:8      | Reached skill level 9 in Axes
  4988 | D:6      | HP: 2/58 [centaur/arrow (6)]
  4989 | D:6      | Shot with an arrow by a centaur

Illustrated notes

Levels and vault maps discovered:
D:1:      mushboom_english_gardens, layout_loops_ring
D:2:      layout_loops_ring, uniq_crazy_yiuf_cottage, uniq_natasha, uniq_terence
D:3:      layout_basic, serial_curves, eino_curves_02, eino_curves_02,
          serial_bayou_ford_a, st_stairs_14
D:4:      layout_rooms, lemuel_round_altar, trog_three_pillars_becter
D:5:      layout_loops_ring, grunt_decor_resistance, minmay_misc_feat_plants,
          roderic_filled_cross, bh_walls_and_bars
D:6:      layout_cave_pools, minmay_temple_entry_statues
D:7:      layout_basic, serial_bayou, serial_bayou_shore_b, serial_bayou_lake_a,
          serial_bayou_crossing, serial_bayou_lagoon_b
D:8:      layout_gridville, hangedman_decor_diamond_cutter, uniq_maggie

Skill      XL: |  1  2  3  4  5  6  7  8 |
---------------+-------------------------+-----
Axes           | 3 4 5 7 8 9 |  9.3
Fighting       | |  3.2
Armour         | |  3.2
Shields        | |  3.6

Action                   |  1- 3 |  4- 6 |  7- 9 || total
-------------------------+-------+-------+-------++-------
Melee: War axe           |    88 |   219 |   125 ||   432
 Abil: Shaft Self        |       |       |     1 ||     1
  Use: Potion            |       |       |     1 ||     1
Armor: Scale mail        |    41 |    29 |       ||    70
       Chain mail        |       |    69 |    63 ||   132
Dodge: Dodged            |    32 |    44 |    35 ||   111
Block: Kite shield       |    45 |   109 |    82 ||   236
